 Dungeon Crawl Stone Soup version 0.31-a0-1236-gaa9e43cceb (webtiles) character file.

Game seed: 17191526333604140450

65 Ivernyr the Shield-Bearer (level 4, 0/37 HPs)
             Began as a Formicid Fighter on Dec 15, 2023.
             Slain by Robin
             ... wielding a +0 spear
              (4 damage)
             ... on level 2 of the Dungeon.
             The game lasted 00:01:37 (910 turns).

Ivernyr the Shield-Bearer (Formicid Fighter)         Turns: 910, Time: 00:01:38

Health: 0/37       AC:  7    Str: 22    XL:     4   Next: 35%
Magic:  4/4        EV:  9    Int:  8    God:
Gold:   35         SH:  5    Dex: 13    Spells: 3/3 levels left

rFire   . . .        a - +0 quarterstaff
rCold   . . .        c - +0 buckler
rNeg    . . .        b - +0 scale mail
rPois   .            (helmet unavailable)
rElec   .            (no cloak)
rCorr   .            (no gloves)
SInv    +            (no boots)
Will    .....        (no amulet) Stlth
                     (no ring)
HPRegen 0.26/turn    (no ring)
MPRegen 0.09/turn

%: no passive effects
@: no status effects
A: permanent stasis, dig shafts and tunnels, antennae 3, four strong arms
a: Dig, Shaft Self


You were on level 2 of the Dungeon.
You visited 1 branch of the dungeon, and saw 2 of its levels.

You collected 35 gold pieces.

Inventory:

Hand Weapons
 a - a +0 quarterstaff (weapon)
Armour
 b - a +0 scale mail (worn)
 c - a +0 buckler (worn)
Scrolls
 f - a scroll of blinking {unknown}
 g - 2 scrolls of identify {unknown}
 h - a scroll of revelation {unknown}
Potions
 d - a potion of might
 e - a potion of ambrosia {unknown}
 i - a potion of heal wounds {unknown}
 j - a potion of curing {unknown}
 k - a potion of attraction {unknown}


   Skills:
 + Level 3.7 Fighting
 * Level 3.1 Staves
 + Level 3.8 Armour
 + Level 4.5 Shields


You had 3 spell levels left.
You didn't know any spells.
Your spell library was empty.

Dungeon Overview and Level Annotations

Branches:
Dungeon (2/15)

Altars:

Annotations:
D:2 Robin


Innate Abilities, Weirdness & Mutations

You cannot be hasted, slowed, berserked, paralysed or teleported.
You can dig through walls and to a lower floor.
You have a pair of large antennae on your head. (SInv)
Your four strong arms can wield two-handed weapons with a shield.


Message History

The goblin hits you but does no damage.
You sock the orc priest!
The orc priest is almost dead.
The orc priest hits you with a +0 falchion.
A goblin comes into view. It is wielding a +0 club.
Robin closely misses you. The goblin misses you.
You barely miss the orc priest.
The orc priest is almost dead.
The goblin shouts!
You block the orc priest's attack.
A goblin comes into view. It is wielding a +1 dagger of pain.
The goblin hits you with a +0 dagger.
Robin hits you from afar with a +0 spear.
You barely miss the orc priest.
The orc priest is almost dead.
The orc priest hits you with a +0 falchion.
You block the goblin's attack.
Robin hits you from afar with a +0 spear.
* * * LOW HITPOINT WARNING * * *
The orc priest hits you with a +0 falchion.
* * * LOW HITPOINT WARNING * * *
The goblin hits you but does no damage.
You barely miss the orc priest.
The orc priest is almost dead.
The orc priest closely misses you. The goblin barely misses you.
You thump the orc priest!
You kill the orc priest!
The goblin hits you with a +0 dagger.
* * * LOW HITPOINT WARNING * * *
Robin closely misses you.
Your life force feels restored.
Your Staves skill increases to level 3!
You have reached level 4!
You feel clever.
You sock the goblin!
You kill the goblin!
The goblin hits you but does no damage.
Robin hits you from afar with a +0 spear.
You die...
Robin says, "And that's why I'm the boss."

#...................
#.......#....####...
#.#####.#.#### #...
#######.# #...
#.......# #...
#.####### #... #.#
#... #)# #... #@# ##
{#g# ......gog......
##.####g######. ,.gg
... ....# ....# {
###.## {


You could see Robin, an orc, a hobgoblin (strong) and 4 goblins.

Vanquished Creatures
  An orc priest (D:2)
  An adder (D:2)
  A worm (D:2)
  An orc (D:2)
  A bat (D:1)
  2 endoplasms (D:1)
  2 giant cockroaches (D:1)
  2 goblins (D:2)
  3 hobgoblins
  A quokka (D:1)
  2 ball pythons (D:1)
  3 kobolds
  5 rats (D:1)
25 creatures vanquished.

Notes
Turn   | Place    | Note
-------+----------+-------------------------------------------
     0 | D:1      | Ivernyr the Formicid Fighter began the quest for the Orb.
     0 | D:1      | Reached XP level 1. HP: 18/18 MP: 1/1
   136 | D:1      | Reached XP level 2. HP: 24/24 MP: 2/2
   776 | D:2      | Reached XP level 3. HP: 27/29 MP: 3/3
   897 | D:2      | Noticed Robin
   910 | D:2      | Reached XP level 4. HP: 4/37 MP: 4/4
   910 | D:2      | Slain by Robin

Illustrated notes

Levels and vault maps discovered:
D:1:      lemuel_arrival_rhombus, layout_basic
D:2:      layout_basic, minmay_quantized, uniq_robin

Skill      XL: |  1  2  3 |
---------------+----------+-----
Staves         | 3 |  3.1
Fighting       | |  3.7
Armour         | |  3.8
Shields        | |  4.5

Action                     |  1- 3 |  4- 6 || total
---------------------------+-------+-------++-------
  Melee: Quarterstaff      |    71 |     1 ||    72
 Armour: Scale mail        |    48 |     2 ||    50
  Dodge: Dodged            |    38 |       ||    38
  Block: Buckler           |    14 |       ||    14

Table legend: (Time is in decaauts)
 A = Elapsed time spent in this place.
 B = Non-inter-level travel time spent in this place.
 C = Inter-level travel time spent in this place.
 D = Time resting spent in this place.
 E = Time spent auto-exploring this place.
 F = Levels seen in this place.
 G = Mean time per level.
                   A        B        C        D        E       F      G
               +--------+--------+--------+--------+--------+-----+--------+
         Total |    924 |    897 |     27 |      0 |    703 |   2 |  462.0 |
       Dungeon |    924 |    897 |     27 |      0 |    703 |   2 |  462.0 |
               +--------+--------+--------+--------+--------+-----+--------+

Top non-repeatable levels by time:
     D:1: 757 daAuts
     D:2: 167 daAuts
